 Dungeon Crawl Stone Soup version 0.30-a0-170-g85af917532 (console) character file.

Game seed: 10523823331545164431

119 capslocke the Stinger (level 5, 0/31 HPs)
             Began as an Octopode Venom Mage on Oct 1, 2022.
             Succumbed to Crazy Yiuf's poison
             ... on level 2 of the Dungeon.
             The game lasted 00:11:04 (2628 turns).

capslocke the Stinger (Octopode Venom Mage)         Turns: 2628, Time: 00:11:04

Health: 0/31       AC:  1    Str:  7    XL:     5   Next: 3%
Magic:  9/18       EV: 13    Int: 19    God:
Gold:   78         SH:  0    Dex: 13    Spells: 7/10 levels left

rFire   . . .      SeeInvis .    n - +0 dagger (elec)
rCold   . . .      Faith    .    (no shield)
rNeg    . . .      Spirit   .    (helmet restricted)
rPois   .          Reflect  .    (no amulet)
rElec   .          Harm     .    l - ring of magical power
rCorr   .          Rampage  .    (no ring)
Will    .....                    (no ring)
Stlth   +++.......               (no ring)
HPRegen 0.10/turn                (no ring)
MPRegen 0.16/turn                (no ring)
                                 (no ring)
                                 (no ring)

@: lethally poisoned (0 -> -1)
A: almost no armour, amphibious, 8 rings, camouflage 1, gelatinous body 1,
(nimble swimmer 1), tentacles
a: no special abilities


You were on level 2 of the Dungeon.
You visited 1 branch of the dungeon, and saw 2 of its levels.

You collected 78 gold pieces.

Inventory:

Hand Weapons
 n - a +0 dagger of electrocution (weapon)
Jewellery
 l - a ring of magical power (left tentacle)
Scrolls
 d - a scroll of blinking {unknown}
 f - a scroll of magic mapping {unknown}
 g - a scroll of teleportation {unknown}
 h - a scroll of butterflies {unknown}
 j - a scroll of fear {unknown}
 k - a scroll of torment {unknown}
 m - a scroll of amnesia {unknown}
 o - a scroll of vulnerability {unknown}
Potions
 a - 2 potions of magic


   Skills:
 + Level 2.2 Dodging
 - Level 2.6 Stealth
 + Level 0.2 Unarmed Combat
 + Level 3.2 Spellcasting
 + Level 2.4 Transmutations
 + Level 0.1 Air Magic
 + Level 4.6 Poison Magic


You had 7 spell levels left.
You knew the following spells:

 Your Spells              Type           Power      Damage    Failure   Level
a - Sting                 Tmut/Pois      64%        1d6       3%          1
b - Poisonous Vapours     Pois/Air       24%        N/A       9%          2

Your spell library contained the following spells:

 Spells                   Type           Power      Damage    Failure   Level
 Olgreb's Toxic Radiance  Pois           20%        N/A       22%         4
 Mephitic Cloud           Conj/Pois/Air  9%         N/A       24%         3


Dungeon Overview and Level Annotations

Branches:
Dungeon (2/15)

Altars:
Xom

Shops:
D:2 [


Innate Abilities, Weirdness & Mutations

You cannot wear most types of armour.
You are amphibious.
You can wear up to eight rings at the same time.
Your skin changes colour to match your surroundings (Stealth+).
Your rubbery body absorbs attacks. (AC +1, EV +1)
((You are camouflaged when in or above water. (Stealth+)))
You have tentacles for arms and can constrict up to eight enemies at once.


Message History

Press: ? - help, Dir - move target, f/p - Crazy Yiuf
Aim: Crazy Yiuf, wielding a +4 quarterstaff of chaos and wearing a +0 cloak (moderately wounded, constricted by you, very poisoned) Poisonous vapours surround Crazy Yiuf!
Crazy Yiuf looks as sick as possible!
You constrict Crazy Yiuf.
You feel sick.
Crazy Yiuf hits you with a +4 quarterstaff of chaos!
You feel drained.
* * * LOW HITPOINT WARNING * * *
You release your grip on Crazy Yiuf.
Crazy Yiuf attacks as you move away! Crazy Yiuf closely misses you.
* * * LOW HITPOINT WARNING * * *
You feel sick.
You feel much better.
You feel sick. Crazy Yiuf closely misses you.
Casting: Poisonous Vapours (safe; 10% risk of failure)
Confirm with . or Enter, or press ? or * to list all spells.
Aiming: Sting (safe; 3% risk of failure)
Press: ? - help, Shift-Dir - straight line, f/p - Crazy Yiuf
Aim: Crazy Yiuf, wielding a +4 quarterstaff of chaos and wearing a +0 cloak (severely wounded, extremely poisoned, 77% to hit)
The sting hits Crazy Yiuf but does no damage.
Crazy Yiuf looks as sick as possible!
Crazy Yiuf is severely wounded.
You feel sick.
Crazy Yiuf hits you with a +4 quarterstaff of chaos!
Crazy Yiuf attacks as you move away!
Crazy Yiuf hits you with a +4 quarterstaff of chaos!
* * * LOW HITPOINT WARNING * * *
Crazy Yiuf burns you.
* * * LOW HITPOINT WARNING * * *
x2 You feel sick.
It was a potion of flight.
You feel very buoyant.
You fly up into the air.
* * * LOW HITPOINT WARNING * * *
You feel sick.
You kill Crazy Yiuf!
Your life force feels restored.
You have reached level 5!
You feel agile.
Your magical effects are unravelling.
You feel magically purged.
You float gracefully downwards.
You die...

##### #...# #####...###
..........#
#.###...#.##♣♣ ### #.#
#...#....♣♣ ♣♣#..)#
#.#####.......♣♣♣♣.'...#
#..†....#......♣@)♣#...#
#.####........♣.♣♣♣ ###
..# #..####♣♣♣♣♣ #.#
#....# ### #.#########
.†# #.........# ..#
######.##.# ..#
###......<.#
..###.....####.#


There were no monsters in sight!

Vanquished Creatures
  Crazy Yiuf (D:2)
  2 adders (D:2)
  A gnoll (D:1)
  A dart slug (D:1)
  5 ball pythons
  10 endoplasms
  4 giant cockroaches
  4 goblins
  4 hobgoblins
  4 quokkas
  5 bats
  A frilled lizard (D:1)
  7 kobolds
  6 rats
55 creatures vanquished.

Notes
Turn   | Place    | Note
-------+----------+-------------------------------------------
     0 | D:1      | capslocke the Octopode Venom Mage began the quest for the
                  | Orb.
     0 | D:1      | Reached XP level 1. HP: 11/11 MP: 3/3
   256 | D:1      | Reached skill level 4 in Poison Magic
   256 | D:1      | Reached XP level 2. HP: 17/17 MP: 1/5
   744 | D:1      | Reached XP level 3. HP: 19/21 MP: 1/6
  1487 | D:2      | Found Pias's Antique Armour Shoppe.
  1804 | D:2      | Reached XP level 4. HP: 17/27 MP: 1/7
  2132 | D:2      | Learned a level 2 spell: Poisonous Vapours
  2136 | D:2      | Found a shimmering altar of Xom.
  2182 | D:2      | Found a faded altar of an unknown god.
  2611 | D:2      | Found a runed translucent door.
  2612 | D:2      | Noticed Crazy Yiuf
  2626 | D:2      | HP: 1/25 [poisoned by Crazy Yiuf]
  2627 | D:2      | Killed Crazy Yiuf
  2628 | D:2      | Reached XP level 5. HP: 1/31 MP: 9/9
  2628 | D:2      | Succumbed to Crazy Yiuf's poison

Illustrated notes

Levels and vault maps discovered:
D:1:      nicolae_arrival_memento_mori, layout_basic,
          chequers_serial_rivers_micro_c
D:2:      layout_basic, basic_ecumenical_altar, basic_altar, serial_shops, shop,
          nicolae_underground_beach, uniq_crazy_yiuf_cottage

Skill      XL: |  1  2  3  4 |
---------------+-------------+-----
Poison Magic   | 4 |  4.6
Transmutations | 2 |  2.4
Spellcasting   | 3 |  3.2
Dodging        | |  2.2
Stealth        | |  2.6
Unarmed Combat | |  0.2
Air Magic      | |  0.1

Action                   |  1- 3 |  4- 6 || total
-------------------------+-------+-------++-------
Melee: Unarmed           |    37 |    13 ||    50
       Constrict         |    13 |     5 ||    18
       Tentacles         |    14 |     5 ||    19
       Punch             |     1 |       ||     1
       Dagger            |       |     2 ||     2
 Cast: Sting             |    66 |    22 ||    88
       Poisonous Vapours |       |     6 ||     6
  Use: Potion            |       |     3 ||     3
       Scroll            |       |     2 ||     2
 Stab: Sleeping          |       |     1 ||     1
Armor: Skin              |     5 |       ||     5
Dodge: Dodged            |    33 |    17 ||    50

Table legend: (Time is in decaauts)
 A = Elapsed time spent in this place.
 B = Non-inter-level travel time spent in this place.
 C = Inter-level travel time spent in this place.
 D = Time resting spent in this place.
 E = Time spent auto-exploring this place.
 F = Levels seen in this place.
 G = Mean time per level.
                   A        B        C        D        E       F      G
               +--------+--------+--------+--------+--------+-----+--------+
         Total |   2626 |   2581 |     45 |    830 |   1365 |   2 | 1313.0 |
       Dungeon |   2626 |   2581 |     45 |    830 |   1365 |   2 | 1313.0 |
               +--------+--------+--------+--------+--------+-----+--------+

Top non-repeatable levels by time:
     D:1: 1480 daAuts
     D:2: 1145 daAuts
